 Dungeon Sprint DCSS version 0.17-a0-1674-g2b13139 (webtiles) character file.

300 Kidiri the Covert (level 6, -12/30 HPs)
             Began as a Spriggan Enchanter on Aug 18, 2015.
             Was an Initiate of Dithmenos.
             Mangled by a spatial vortex (22 damage)
             ... while paralysed
             ... in the Dungeon (Sprint III: "The Ten Rune Challenge").
             The game lasted 00:03:49 (1201 turns).

Kidiri the Covert (Spriggan Enchanter)              Turns: 1201, Time: 00:03:52

Health: -12/30     AC:  5    Str:  0 (2)  XL:     6   Next: 13%
Magic:  14/17      EV:  4    Int: 17      God:    Dithmenos [......]
Gold:   35         SH:  0    Dex: 18      Spells: 5 memorised, 7 levels left

rFire  . . .     SeeInvis +     a - +1 dagger
rCold  + . .     Clarity  .     b - +1 robe
rNeg   . . .     SustAt   .     (shield restricted)
rPois  .         Gourm    .     (helmet restricted)
rElec  .         Spirit   .     (no cloak)
rCorr  .         Warding  .     (gloves unavailable)
rMut   .         NoTele   +     (boots unavailable)
MR     ++...                    (no amulet)
Stlth  +++++.....               (no ring)
                                (no ring)

@: paralysed, slowed, lost strength, very quick, very resistant to hostile
enchantments, quite stealthy
A: unfitting armour, thin metallic scales 1, see invisible, cold resistance 1,
deterioration 1, herbivore 3, speed 3, magic resistance 1, robust 1, slow
metabolism 2, weak 1
a: Renounce Religion


You were in the Dungeon.
You worshipped Dithmenos.
Dithmenos was noncommittal.
You were not hungry.

You visited 1 branch You collected 35 gold pieces.

Inventory:

Hand weapons
 a - a +1 dagger (weapon)
Armour
 b - a +1 robe (worn)
Scrolls
 j - a scroll of blinking
 m - a scroll of immolation
 n - a scroll of identify
 o - 3 scrolls of remove curse
 q - a scroll of torment
Potions
 e - 2 potions of curing
 f - a potion of heal wounds
 g - a potion of haste
 h - 2 potions of magic
 i - a potion of berserk rage
 p - 3 potions of flight
 r - 2 potions of cure mutation
Comestibles
 c - a royal jelly
 d - 2 bread rations
 k - a slice of pizza


   Skills:
 + Level 4.6 Short Blades
 * Level 9.0 Dodging
 * Level 10.2 Stealth
 * Level 7.4 Spellcasting
 + Level 2.1 Conjurations
 + Level 6.1 Hexes
 + Level 2.9 Ice Magic
 + Level 0.0 Invocations


You had 7 spell levels left.
You knew the following spells:

 Your Spells              Type           Power        Failure   Level  Hunger
a - Corona                Hex            ####...      1%          1    None
b - Ensorcelled Hibernat  Hex/Ice        ###...       2%          2    None
c - Confuse               Hex            ####....     2%          3    ##.....
d - Tukima's Dance        Hex            ####....     2%          3    ##.....
e - Dazzling Spray        Conj/Hex       ###.....     8%          3    ##.....


Dungeon Overview and Level Annotations

Branches:
Dungeon (1/1)

Altars:
Dithmenos
Gozag
Makhleb
Nemelex Xobeh
Qazlal
Ru
Xom
Jiyva
Lugonu


Innate Abilities, Weirdness & Mutations

You are tiny and cannot use many weapons and most armour.
You have supernaturally acute eyesight.
You are a herbivore.
You cover ground extremely quickly.
You need consume almost no food.
You are partially covered in thin metallic scales (AC +2).
Your flesh is cold resistant.
Your body sometimes deteriorates upon taking damage.
You are resistant to hostile enchantments.
You are robust (+10% HP).
You are weak. (Str -2)


Message History

Your magical contamination has completely faded away.
You start resting.
Magic restored.
You start resting.
HP restored.
You open the door.
There is an open door here.
Casting: Dazzling Spray
Confirm with . or Enter, or press ? or * to list all spells.
Aiming: Dazzling Spray
Press: ? - help, Shift-Dir - straight line, f/p - spatial vortex
Aim: a spatial vortex The spray of energy hits the spatial vortex.
The spatial vortex is lightly damaged.
The spatial vortex hits you!!
Ouch! That really hurt!
Your body deteriorates!
You feel weakened.
You have lost your strength.
Space warps horribly around you!
Ouch! That really hurt!
You die...

..≈.♣♣♣..###+#+###+##
.≈≈♣♣♣.♣.#..........#
≈≈≈≈.♣♣♣.'.⌠........#
≈≈≈≈≈≈♣..#...######'#
≈≈≈≈≈....#.⌠.#__#...#
≈≈≈≈.....#...#__#...#
≈≈.......#+###__#...#
.........# #_v#...+
.........# #_.@...#
▓▓▓▓▓▓▓▓▓▓ ▓▓▓▓▓▓▓▓


You could see a spatial vortex.

Vanquished Creatures
  A shadow (D)
  A water elemental (D)
  A scorpion (D)
  A jelly (D)
  A human (D)
  2 oozes (D)
  2 rats (D)
9 creatures vanquished.

Vanquished Creatures (others)
  2 draconian scorchers (D)
  A yaktaur (D)
3 creatures vanquished.

Grand Total: 12 creatures vanquished

Notes
Turn   | Place    | Note
--------------------------------------------------------------
     0 | D        | Kidiri the Spriggan Enchanter began the quest for the Orb.
     0 | D        | Reached XP level 1. HP: 9/9 MP: 5/5
     4 | D        | Reached skill level 5 in Stealth
     7 | D        | Reached XP level 2. HP: 13/13 MP: 7/7
    17 | D        | Learned a level 2 spell: Ensorcelled Hibernation
   171 | D        | Killed a white draconian scorcher
   197 | D        | Reached skill level 5 in Dodging
   197 | D        | Reached skill level 6 in Stealth
   197 | D        | Reached XP level 3. HP: 4/16 MP: 2/9
   218 | D        | Learned a level 3 spell: Confuse
   221 | D        | Killed a white draconian scorcher
   222 | D        | Learned a level 3 spell: Tukima's Dance
   262 | D        | Killed a yaktaur
   516 | D        | Noticed a scorpion
   523 | D        | Killed a scorpion
   523 | D        | Reached skill level 7 in Stealth
   523 | D        | Reached skill level 5 in Spellcasting
   523 | D        | Reached skill level 1 in Ice Magic
   523 | D        | Reached XP level 4. HP: 21/21 MP: 10/12
   528 | D        | Learned a level 3 spell: Dazzling Spray
   546 | D        | Gained mutation: Your flesh is cold resistant. [potion of mutation]
   546 | D        | Gained mutation: You are robust (+10% HP). [potion of mutation]
   546 | D        | Gained mutation: Your body sometimes deteriorates upon taking damage. [potion of mutation]
   547 | D        | Gained mutation: You are resistant to hostile enchantments. [potion of mutation]
   547 | D        | Gained mutation: You are partially covered in thin metallic scales (AC +2). [potion of mutation]
   547 | D        | Gained mutation: You are weak. (Str -2) [potion of mutation]
   581 | D        | Noticed a water elemental
   584 | D        | Killed a water elemental
   584 | D        | Reached skill level 8 in Stealth
   584 | D        | Reached skill level 1 in Conjurations
   584 | D        | Reached skill level 5 in Hexes
   593 | D        | Noticed a jelly
   594 | D        | Noticed a shadow
   599 | D        | Killed a jelly
   599 | D        | Reached skill level 9 in Stealth
   599 | D        | Reached XP level 5. HP: 26/26 MP: 12/14
   617 | D        | Killed a shadow
   617 | D        | Reached skill level 10 in Stealth
   617 | D        | Reached XP level 6. HP: 10/30 MP: 2/17
   911 | D        | Found a stormy altar of Qazlal.
   912 | D        | Found a sacrificial altar of Ru.
   912 | D        | Found a burning altar of Makhleb.
   912 | D        | Found a viscous altar of Jiyva.
   912 | D        | Found a shimmering altar of Xom.
   912 | D        | Found a shadowy altar of Dithmenos.
   912 | D        | Found a sparkling altar of Nemelex Xobeh.
   912 | D        | Found a corrupted altar of Lugonu.
   912 | D        | Found an opulent altar of Gozag.
   912 | D        | Noticed a spatial vortex
   917 | D        | Became a worshipper of Dithmenos the Shadowed
  1201 | D        | Lost strength.
  1201 | D        | Mangled by a spatial vortex

Vault maps used:
D:        dungeon_sprint_mu

Action                   |  1- 3 |  4- 6 || total
-------------------------+-------+-------++-------
Melee: Dagger            |    11 |    17 ||    28
 Cast: Ensorcelled Hiber |     2 |       ||     2
       Corona            |     1 |       ||     1
       Dazzling Spray    |       |     9 ||     9
  Use: Scroll            |       |     2 ||     2
       Potion            |       |     2 ||     2
 Stab: Sleeping          |     6 |     2 ||     8
